TOP OF THE 1ST |
Chicago Gold Sox batting - Pitching for Las Vegas Flamingos : LHP Luis Peña
|
Pitching: LHP Luis Peña
|
|
Batting: RHB Jay Hood
|
0-0: Fly out, F3 (Flyball, 3D)
|
Batting: RHB Zeus Preckwinkle
|
0-0: Ball 1-0: Foul Ball, location: 2F 1-1: Ground out 5-3 (Groundball, 56)
|
Batting: RHB Shimei Miura
|
0-0: Called Strike 0-1: Ball 1-1: Ball 2-1: Ball 3-1: Swinging Strike 3-2: Base on Balls
|
Batting: RHB Ramón Rodríguez
|
0-0: Ball 1-0: Ball 2-0: Foul Ball, location: 2F 2-1: DOUBLE (Line Drive, 7LD) Shimei Miura to third
|
Batting: SHB Lupo Cotto
|
0-0: Ball 1-0: Foul Ball, location: 2F 1-1: Foul Ball, location: 2F 1-2: SINGLE (Line Drive, 7S) Shimei Miura scores Ramón Rodríguez to third
|
Batting: SHB Valentín Guzmán
|
0-0: Fly out, F9 (Flyball, 9LS)
|
Top of the 1st over - 1 run, 2 hits, 0 errors, 2 left on base; Chicago 1 - Las Vegas 0 |
BOTTOM OF THE 1ST |
Las Vegas Flamingos batting - Pitching for Chicago Gold Sox : RHP Tom McKee
|
Pitching: RHP Tom McKee
|
|
Batting: RHB Ellis Greenham
|
0-0: Ball 1-0: Ball 2-0: Called Strike 2-1: Foul Ball, location: 2F 2-2: Ball 3-2: Foul Ball, location: 2F 3-2: Base on Balls
|
Batting: LHB Ruud van Ineveld
|
0-0: Called Strike 0-1: Ball 1-1: Ball 2-1: Ball 3-1: SINGLE (Line Drive, 56) Ellis Greenham to second
|
Batting: RHB Baldomero Avino
|
0-0: Ball 1-0: Called Strike 1-1: Ground out 5-3 (Groundball, 56S) Ellis Greenham to third Ruud van Ineveld to second
|
Batting: LHB Victor Adams
|
0-0: Foul Ball, location: 2F 0-1: Ball 1-1: Ball 2-1: Ground out 4-3 (Groundball, 4) Ellis Greenham scores Ruud van Ineveld to third
|
Batting: SHB Glyn Bolasky
|
0-0: Ball 1-0: Called Strike 1-1: Called Strike 1-2: Foul Ball, location: 2F 1-2: Ball 2-2: Ball 3-2: Foul Ball, location: 2F 3-2: Fly out, F8 (Flyball, 8LXD)
|
Bottom of the 1st over - 1 run, 1 hit, 0 errors, 1 left on base; Chicago 1 - Las Vegas 1 |
TOP OF THE 2ND |
Chicago Gold Sox batting - Pitching for Las Vegas Flamingos : LHP Luis Peña
|
Batting: RHB Manuel Guillama
|
0-0: Ball 1-0: Foul Ball, location: 2F 1-1: Foul Ball, location: 2F 1-2: Foul Ball, location: 2F 1-2: Ball 2-2: Strikes out swinging
|
Batting: RHB Gustavo Mateo
|
0-0: Ball 1-0: Called Strike 1-1: Ball 2-1: Fly out, F6 (Popup, 6)
|
Batting: LHB Roberto Vázquez
|
0-0: Ball 1-0: Called Strike 1-1: Ball 2-1: Fly out, F8 (Flyball, 8RD)
|
Top of the 2nd over - 0 runs, 0 hits, 0 errors, 0 left on base; Chicago 1 - Las Vegas 1 |
BOTTOM OF THE 2ND |
Las Vegas Flamingos batting - Pitching for Chicago Gold Sox : RHP Tom McKee
|
Batting: RHB Xavier Hernández
|
0-0: Ground out 3-1 (Groundball, 3S)
|
Batting: RHB Christian Turner
|
0-0: Ball 1-0: Called Strike 1-1: Ball 2-1: Ball 3-1: Foul Ball, location: 2F 3-2: Base on Balls
|
Batting: RHB Shihei Kichikawa
|
0-0: Ball 1-0: Called Strike 1-1: Swinging Strike 1-2: Foul Ball, location: 2F 1-2: Ball 2-2: Strikes out swinging
|
Batting: RHB Jeff Young
|
0-0: Ball 1-0: Called Strike 1-1: DOUBLE (Line Drive, 78XD) Christian Turner to third Runner from 3rd tries for Home, SAFE, no throw
|
Batting: RHB Ellis Greenham
|
0-0: Ball 1-0: Ball 2-0: Ground out 6-3 (Groundball, 6)
|
Bottom of the 2nd over - 1 run, 1 hit, 0 errors, 1 left on base; Chicago 1 - Las Vegas 2 |
TOP OF THE 3RD |
Chicago Gold Sox batting - Pitching for Las Vegas Flamingos : LHP Luis Peña
|
Batting: RHB Jay Hood
|
0-0: Fly out, F8 (Flyball, 8RD)
|
Batting: RHB Zeus Preckwinkle
|
0-0: Ball 1-0: Ball 2-0: SINGLE (Flyball, 78S)
|
Batting: RHB Shimei Miura
|
0-0: Called Strike 0-1: Called Strike 0-2: Ball 1-2: Strikes out swinging
|
Batting: RHB Ramón Rodríguez
|
0-0: Ball 1-0: Called Strike 1-1: Called Strike 1-2: Fly out, F9 (Flyball, 89S)
|
Top of the 3rd over - 0 runs, 1 hit, 0 errors, 1 left on base; Chicago 1 - Las Vegas 2 |
BOTTOM OF THE 3RD |
Las Vegas Flamingos batting - Pitching for Chicago Gold Sox : RHP Tom McKee
|
Batting: LHB Ruud van Ineveld
|
0-0: Called Strike 0-1: Swinging Strike 0-2: Strikes out swinging
|
Batting: RHB Baldomero Avino
|
0-0: Called Strike 0-1: Ball 1-1: Ball 2-1: Called Strike 2-2: SINGLE (Flyball, 78S)
|
Batting: LHB Victor Adams
|
0-0: Fielders Choice at 2nd, 3-6 (Groundball, 3)
|
Batting: SHB Glyn Bolasky
|
0-0: Hit by Pitch Victor Adams to second
|
Batting: RHB Xavier Hernández
|
0-0: Called Strike 0-1: Ball 1-1: Fielders Choice at 2nd, U4 (Groundball, 4M)
|
Bottom of the 3rd over - 0 runs, 1 hit, 0 errors, 2 left on base; Chicago 1 - Las Vegas 2 |
TOP OF THE 4TH |
Chicago Gold Sox batting - Pitching for Las Vegas Flamingos : LHP Luis Peña
|
Batting: SHB Lupo Cotto
|
0-0: Ground out 5-3 (Groundball, 56)
|
Batting: SHB Valentín Guzmán
|
0-0: Called Strike 0-1: Foul Ball, location: 2F 0-2: Foul Ball, location: 2F 0-2: Ball 1-2: SINGLE (Flyball, 89M)
|
Batting: RHB Manuel Guillama
|
0-0: Ball 1-0: Ball 2-0: Called Strike 2-1: Foul Ball, location: 2F 2-2: Ball 3-2: Foul Ball, location: 2F 3-2: Grounds into double play, 5-4-3 (Groundball, 5)
|
Top of the 4th over - 0 runs, 1 hit, 0 errors, 0 left on base; Chicago 1 - Las Vegas 2 |
BOTTOM OF THE 4TH |
Las Vegas Flamingos batting - Pitching for Chicago Gold Sox : RHP Tom McKee
|
Batting: RHB Christian Turner
|
0-0: Called Strike 0-1: Fly out, F7 (Flyball, 7LS)
|
Batting: RHB Shihei Kichikawa
|
0-0: Ball 1-0: Ball 2-0: Ball 3-0: Called Strike 3-1: Called Strike 3-2: Base on Balls
|
Batting: RHB Jeff Young
|
0-0: Called Strike 0-1: Ball 1-1: Fly out, F6 (Popup, 6M)
|
Batting: RHB Ellis Greenham
|
0-0: Called Strike 0-1: Foul Ball, location: 2F 0-2: Strikes out swinging
|
Bottom of the 4th over - 0 runs, 0 hits, 0 errors, 1 left on base; Chicago 1 - Las Vegas 2 |
TOP OF THE 5TH |
Chicago Gold Sox batting - Pitching for Las Vegas Flamingos : LHP Luis Peña
|
Batting: RHB Gustavo Mateo
|
0-0: Called Strike 0-1: Foul Ball, location: 2F 0-2: Ball 1-2: Strikes out swinging
|
Batting: LHB Roberto Vázquez
|
0-0: Called Strike 0-1: Called Strike 0-2: Strikes out swinging
|
Batting: RHB Jay Hood
|
0-0: Ball 1-0: Swinging Strike 1-1: Ball 2-1: Foul Ball, location: 2F 2-2: SOLO HOME RUN (Flyball, 7LD), Distance : 364 ft
|
Batting: RHB Zeus Preckwinkle
|
0-0: Called Strike 0-1: Ball 1-1: SINGLE (Line Drive, 78S)
|
Batting: RHB Shimei Miura
|
0-0: Ball 1-0: Ball 2-0: Swinging Strike 2-1: SINGLE (Groundball, 5S) (infield hit) Zeus Preckwinkle to second
|
Batting: RHB Ramón Rodríguez
|
0-0: Ball 1-0: Foul Ball, location: 2F 1-1: Fly out, F7 (Flyball, 78S)
|
Top of the 5th over - 1 run, 3 hits, 0 errors, 2 left on base; Chicago 2 - Las Vegas 2 |
BOTTOM OF THE 5TH |
Las Vegas Flamingos batting - Pitching for Chicago Gold Sox : RHP Tom McKee
|
Batting: LHB Ruud van Ineveld
|
0-0: SINGLE (Groundball, 4MD)
|
Batting: RHB Baldomero Avino
|
0-0: SINGLE (Flyball, 7S) Ruud van Ineveld to second
|
Batting: LHB Victor Adams
|
0-0: Called Strike 0-1: Ball 1-1: Ball 2-1: SINGLE (Flyball, 89M) Ruud van Ineveld to third Baldomero Avino to second
|
Batting: SHB Glyn Bolasky
|
0-0: Ball 1-0: GRAND SLAM HOME RUN (Line Drive, 89XD), Distance : 421 ft
|
Batting: RHB Xavier Hernández
|
0-0: Called Strike 0-1: Called Strike 0-2: Strikes out looking
|
Batting: RHB Christian Turner
|
0-0: Ball 1-0: Foul Ball, location: 2F 1-1: Ball 2-1: SINGLE (Line Drive, 34D)
|
Batting: RHB Shihei Kichikawa
|
0-0: Fly out, F5 (Popup, 56S)
|
Batting: RHB Jeff Young
|
0-0: Ball 1-0: Called Strike 1-1: Foul Ball, location: 2F 1-2: Ball 2-2: Fly out, F7 (Flyball, 7S)
|
Bottom of the 5th over - 4 runs, 5 hits, 0 errors, 1 left on base; Chicago 2 - Las Vegas 6 |
TOP OF THE 6TH |
Chicago Gold Sox batting - Pitching for Las Vegas Flamingos : LHP Luis Peña
|
Batting: SHB Lupo Cotto
|
0-0: Swinging Strike 0-1: Ball 1-1: Foul Ball, location: 2F 1-2: Ground out 5-3 (Groundball, 56S)
|
Batting: SHB Valentín Guzmán
|
0-0: Foul Ball, location: 2F 0-1: Ball 1-1: Ball 2-1: Ball 3-1: Ground out 5-3 (Groundball, 56S)
|
Batting: RHB Manuel Guillama
|
0-0: Called Strike 0-1: Foul Ball, location: 2F 0-2: Ball 1-2: Strikes out swinging
|
Top of the 6th over - 0 runs, 0 hits, 0 errors, 0 left on base; Chicago 2 - Las Vegas 6 |
BOTTOM OF THE 6TH |
Las Vegas Flamingos batting - Pitching for Chicago Gold Sox : RHP Tom McKee
|
Pitching: RHP Juan Carlos Cruz
|
|
Batting: RHB Ellis Greenham
|
0-0: Ball 1-0: Ball 2-0: Called Strike 2-1: Ball 3-1: Ground out 6-3 (Groundball, 6S)
|
Batting: LHB Ruud van Ineveld
|
0-0: Ball 1-0: Ball 2-0: Called Strike 2-1: Foul Ball, location: 2F 2-2: Foul Ball, location: 2F 2-2: Fly out, F9 (Flyball, 89S)
|
Batting: RHB Baldomero Avino
|
0-0: Ball 1-0: Ball 2-0: Ball 3-0: Called Strike 3-1: Base on Balls
|
Batting: LHB Victor Adams
|
0-0: Fly out, F9 (Flyball, 9)
|
Bottom of the 6th over - 0 runs, 0 hits, 0 errors, 1 left on base; Chicago 2 - Las Vegas 6 |
TOP OF THE 7TH |
Chicago Gold Sox batting - Pitching for Las Vegas Flamingos : LHP Luis Peña
|
Batting: RHB Gustavo Mateo
|
0-0: Swinging Strike 0-1: Called Strike 0-2: Ball 1-2: Strikes out swinging
|
Batting: LHB Roberto Vázquez
|
0-0: Ball 1-0: Ball 2-0: Ball 3-0: Base on Balls
|
Pitching: RHP Russ Horne
|
|
Batting: RHB Jay Hood
|
0-0: Ball Roberto Vázquez steals 2nd base 1-0: Ball 2-0: Called Strike 2-1: Swinging Strike 2-2: Ball 3-2: Strikes out swinging
|
Batting: RHB Zeus Preckwinkle
|
0-0: Swinging Strike 0-1: Called Strike 0-2: SINGLE (Flyball, 7LM) Roberto Vázquez to third Runner from 3rd tries for Home, SAFE, no throw
|
Batting: RHB Shimei Miura
|
0-0: SINGLE (Line Drive, 5) Zeus Preckwinkle to second
|
Batting: RHB Ramón Rodríguez
|
0-0: Fly out, F7 (Flyball, 7LS)
|
Top of the 7th over - 1 run, 2 hits, 0 errors, 2 left on base; Chicago 3 - Las Vegas 6 |
BOTTOM OF THE 7TH |
Las Vegas Flamingos batting - Pitching for Chicago Gold Sox : RHP Juan Carlos Cruz
|
Pitching: LHP Esteban Jiménez
|
|
Batting: SHB Glyn Bolasky
|
0-0: Called Strike 0-1: Foul Ball, location: 2F 0-2: Strikes out swinging
|
Batting: RHB Xavier Hernández
|
0-0: Ball 1-0: Ball 2-0: Foul Ball, location: 2F 2-1: Swinging Strike 2-2: SINGLE (Line Drive, 7S)
|
Batting: RHB Christian Turner
|
0-0: Grounds into double play, 4-6-3 (Groundball, 34)
|
Bottom of the 7th over - 0 runs, 1 hit, 0 errors, 0 left on base; Chicago 3 - Las Vegas 6 |
TOP OF THE 8TH |
Chicago Gold Sox batting - Pitching for Las Vegas Flamingos : RHP Russ Horne
|
Batting: SHB Lupo Cotto
|
0-0: Ball 1-0: Ground out U3 (Groundball, 3)
|
Batting: SHB Valentín Guzmán
|
0-0: Ball 1-0: Called Strike 1-1: Fly out, F5 (Popup, 6S)
|
Batting: RHB Manuel Guillama
|
0-0: Ball 1-0: Fly out, F7 (Flyball, 78S)
|
Top of the 8th over - 0 runs, 0 hits, 0 errors, 0 left on base; Chicago 3 - Las Vegas 6 |
BOTTOM OF THE 8TH |
Las Vegas Flamingos batting - Pitching for Chicago Gold Sox : LHP Esteban Jiménez
|
Batting: RHB Shihei Kichikawa
|
0-0: Ball 1-0: Swinging Strike 1-1: Ball 2-1: Fly out, F3 (Popup, 3SF)
|
Batting: RHB Jeff Young
|
0-0: Swinging Strike 0-1: Ball 1-1: Foul Ball, location: 2F 1-2: Ball 2-2: Ball 3-2: Strikes out swinging
|
Batting: RHB Ellis Greenham
|
0-0: Ball 1-0: Called Strike 1-1: SINGLE (Groundball, 34) (infield hit)
|
Batting: LHB Ruud van Ineveld
|
0-0: Ball 1-0: Swinging Strike 1-1: Ball 2-1: Swinging Strike 2-2: Strikes out looking
|
Bottom of the 8th over - 0 runs, 1 hit, 0 errors, 1 left on base; Chicago 3 - Las Vegas 6 |
TOP OF THE 9TH |
Chicago Gold Sox batting - Pitching for Las Vegas Flamingos : RHP Russ Horne
|
Pitching: RHP Vaugh Chesser
|
|
Batting: RHB Gustavo Mateo
|
0-0: Ball 1-0: Swinging Strike 1-1: Called Strike 1-2: Foul Ball, location: 2F 1-2: Ball 2-2: Ball 3-2: Foul Ball, location: 2F 3-2: Foul Ball, location: 2F 3-2: Strikes out swinging
|
Batting: LHB Roberto Vázquez
|
0-0: Ball 1-0: Fly out, F4 (Line Drive, 4)
|
Batting: RHB Jay Hood
|
0-0: Called Strike 0-1: Foul Ball, location: 2F 0-2: Strikes out swinging
|
Top of the 9th over - 0 runs, 0 hits, 0 errors, 0 left on base; Chicago 3 - Las Vegas 6 |
|